 Dungeon Crawl Stone Soup version 0.29-a0-330-g52719c12eb (webtiles) character file.

Game seed: 1346016932918862625

56 kae the Firebug (level 3, 0/28 HPs)
             Began as a Demigod Fire Elementalist on Apr 21, 2022.
             Slain by an orc
             ... wielding a +0 falchion
              (4 damage)
             ... on level 3 of the Dungeon.
             The game lasted 00:01:00 (2341 turns).

kae the Firebug (Demigod Fire Elementalist)         Turns: 2341, Time: 00:01:00

Health: 0/28       AC:  2    Str: 15    XL:     3   Next: 48%
Magic:  3/8        EV: 12    Int: 21    God:
Gold:   99         SH:  0    Dex: 14    Spells: 3/6 levels left

rFire   . . .      SeeInvis .   e - +0 short sword
rCold   . . .      Faith    .   (no shield)
rNeg    . . .      Spirit   .   a - +0 robe
rPois   .          Reflect  .   (no helmet)
rElec   .          Harm     .   (no cloak)
rCorr   .          Rampage  .   (no gloves)
Will    .....                   (no boots)
Stlth   ++........              (no amulet)
HPRegen 0.09/turn               g - +6 ring of strength
MPRegen 0.11/turn               (no ring)

@: mighty, flying
A: high MP 1, forlorn, divine attributes
a: no special abilities


You were on level 3 of the Dungeon.
You visited 1 branch of the dungeon, and saw 3 of its levels.

You collected 99 gold pieces.

Inventory:

Hand Weapons
 e - a +0 short sword (weapon)
Armour
 a - a +0 robe (worn)
Magical Staves
 d - a staff of death
Jewellery
 g - a +6 ring of strength (left hand)
Scrolls
 i - 3 scrolls of identify
 j - a scroll of teleportation
 m - a scroll of magic mapping {unknown}
Potions
 b - a potion of magic
 c - a potion of degeneration
 f - a potion of might
 k - 2 potions of heal wounds {unknown}
 l - 2 potions of mutation {unknown}


   Skills:
 + Level 1.1 Fighting
 - Level 1.7 Dodging
 - Level 1.7 Stealth
 + Level 2.1 Spellcasting
 + Level 1.5 Conjurations
 * Level 3.4 Fire Magic


You had 3 spell levels left.
You knew the following spells:

 Your Spells              Type           Power      Damage    Failure   Level
a - Foxfire               Conj/Fire      48%        2x1d6     5%          1
b - Scorch                Fire           32%        2d6       5%          2

Your spell library contained the following spells:

 Spells                   Type           Power      Damage    Failure   Level
 Summon Small Mammal      Summ           8%         N/A       14%         1
 Conjure Flame            Conj/Fire      12%        6-21      16%         3
 Inner Flame              Hex/Fire       9%         N/A       22%         3
 Call Canine Familiar     Summ           2%         N/A       41%         3
 Gell's Gravitas          Tloc           2%         N/A       41%         3
 Summon Guardian Golem    Hex/Summ       2%         N/A       41%         3
 Teleport Other           Tloc           2%         N/A       41%         3
 Flame Wave               Conj/Fire      12%        2d6       45%         4
 Dispersal                Tloc           1%         N/A       100%        6


Dungeon Overview and Level Annotations

Branches:
Dungeon (3/15)


Innate Abilities, Weirdness & Mutations

You have an increased reservoir of magic. (+10% MP)
You shall have no god before yourself.
Your divine heritage dramatically boosts your attributes as you level up.


Message History

The orc is almost dead.
The orc's fire resistance burns away.
You hear a shout!
An orc comes into view. It is wielding a +0 falchion.
Your foxfire dissipates!
The orc hits you with a +0 club.
Casting: Scorch (safe; 5% risk of failure)
Confirm with . or Enter, or press ? or * to list all spells.
You conjure some foxfire!
The orc hits you with a +0 club.
The foxfire hits the orc but does no damage.
The orc is almost dead.
Casting: Foxfire (safe; 5% risk of failure)
Confirm with . or Enter, or press ? or * to list all spells.
You conjure some foxfire!
The orc is no longer more vulnerable to fire.
The foxfire hits the orc.
The orc is almost dead.
The orc hits you but does no damage. The orc misses you.
Casting: Foxfire (safe; 5% risk of failure)
Confirm with . or Enter, or press ? or * to list all spells.
You conjure some foxfire!
The orc hits you with a +0 falchion. The orc hits you with a +0 club.
The orc hits you with a +0 falchion. The orc hits you with a +0 club.
* * * LOW HITPOINT WARNING * * *
It was a potion of might.
You feel very mighty all of a sudden. The orc barely misses you.
The orc hits you with a +0 club.
* * * LOW HITPOINT WARNING * * *
Your foxfire dissipates!
The orc attacks as you move away! The orc misses you.
The orc attacks as you move away! The orc hits you with a +0 club.
* * * LOW HITPOINT WARNING * * *
It was a potion of flight.
You feel very buoyant.
You fly up into the air.
Okay, then.
The orc attacks as you move away! The orc closely misses you.
The orc hits you with a +0 falchion.
You die...

#.# #.# #.# #.# #####
#######.# #....
#....o#.# #.### #
#o#.###.# #.# #.
#.o.†...# #.#
#.###@#.##########.###
#.....#..............#
###.##############.#.#
#.# #.#.# #.# #.#.#
#.# #.#.# #.# #.#.#
#.# ##.#.# #.# #.....


You could see 3 orcs.

Vanquished Creatures
  2 adders
  A dart slug (D:1)
  An orc (D:2)
  An endoplasm (D:1)
  4 giant cockroaches
  2 hobgoblins (D:2)
  A quokka (D:2)
  7 ball pythons
  A bat (D:3)
  4 frilled lizards
  5 goblins
  2 kobolds (D:1)
  6 rats
37 creatures vanquished.

Vanquished Creatures (collateral kills)
  A foxfire (D:1)
1 creature vanquished.

Vanquished Creatures (others)
  132 foxfires
  A fungus (D:1)
133 creatures vanquished.

Grand Total: 171 creatures vanquished

Notes
Turn   | Place    | Note
-------+----------+-------------------------------------------
     0 | D:1      | kae the Demigod Fire Elementalist began the quest for the
                  | Orb.
     0 | D:1      | Reached XP level 1. HP: 14/14 MP: 5/5
    76 | D:1      | Reached skill level 1 in Conjurations
   923 | D:1      | Reached skill level 3 in Fire Magic
   923 | D:1      | Reached XP level 2. HP: 22/22 MP: 5/7
  1620 | D:2      | Reached XP level 3. HP: 27/27 MP: 3/8
  1629 | D:2      | Learned a level 2 spell: Scorch
  1762 | D:2      | Reached skill level 1 in Fighting
  2341 | D:3      | Slain by an orc

Illustrated notes

Levels and vault maps discovered:
D:1:      tarquinn_simple_flora_water_e, layout_basic,
          shapermc_ecumenical_altar_acropolis, minmay_pentomino_x2
D:2:      kennysheep_big_flooded_room, layout_rooms
D:3:      layout_loops_ring

Skill      XL: |  1  2  3 |
---------------+----------+-----
Conjurations   | 1 |  1.5
Fire Magic     | 3 |  3.4
Spellcasting   | 2 |  2.1
Fighting       | 1 |  1.1
Dodging        | |  1.7
Stealth        | |  1.7

Action                   || total
-------------------------++-------
Melee: Unarmed           ||     8
       Short sword       ||    21
 Cast: Foxfire           ||    83
       Scorch            ||     1
  Use: Scroll            ||     5
       Potion            ||     2
Armor: Robe              ||    18
Dodge: Dodged            ||    32

Table legend: (Time is in decaauts)
 A = Elapsed time spent in this place.
 B = Non-inter-level travel time spent in this place.
 C = Inter-level travel time spent in this place.
 D = Time resting spent in this place.
 E = Time spent auto-exploring this place.
 F = Levels seen in this place.
 G = Mean time per level.
                   A        B        C        D        E       F      G
               +--------+--------+--------+--------+--------+-----+--------+
         Total |   2341 |   2311 |     30 |      0 |   1989 |   3 |  780.3 |
       Dungeon |   2341 |   2311 |     30 |      0 |   1989 |   3 |  780.3 |
               +--------+--------+--------+--------+--------+-----+--------+

Top non-repeatable levels by time:
     D:1: 1215 daAuts
     D:2: 846 daAuts
     D:3: 279 daAuts
